 Dungeon Crawl Stone Soup version 0.25.0-46-gbd7b0854d2 (webtiles) character file.

Game seed: 12840302233714713096

375 Ethylacetat the Poker (level 6, 0/48 HPs)
             Began as a Demonspawn Gladiator on July 17, 2020.
             Slain by an orc priest
             ... wielding a +0 flail
              (2 damage)
             ... on level 4 of the Dungeon.
             The game lasted 00:03:15 (3812 turns).

Ethylacetat the Poker (Demonspawn Gladiator)        Turns: 3812, Time: 00:03:15

Health: 0/48       AC:  6    Str: 16    XL:     6   Next: 44%
Magic:  6/6        EV: 13    Int:  9    God:
Gold:   107        SH:  0    Dex: 15    Spells: 5/5 levels left

rFire    . . .     SeeInvis .   a - +0 trident
rCold    . . .     Gourm    .   (no shield)
rNeg     . . .     Faith    .   b - +0 leather armour
rPois    .         Spirit   .   c - +0 helmet
rElec    .         Reflect  .   (no cloak)
rCorr    .         Harm     .   (no gloves)
MR       .....                  (no boots)
Stlth    +.........             (no amulet)
HPRegen  0.16/turn              (no ring)
MPRegen  0.10/turn              (no ring)

@: no status effects
A: talons 2, thin metallic scales 1, spiny 2
a: no special abilities


You were on level 4 of the Dungeon.
You were not hungry.

You visited 1 branch of the dungeon, and saw 4 of its levels.

You collected 107 gold pieces.

Inventory:

Hand Weapons
 a - a +0 trident (weapon)
Missiles
 d - 3 throwing nets (quivered)
Armour
 b - a +0 leather armour (worn)
 c - a +0 helmet (worn)
Wands
 t - a wand of digging (5)
Scrolls
 e - 5 scrolls of enchant armour {unknown}
 g - 7 scrolls of identify {unknown}
 h - 2 scrolls of noise {unknown}
 j - 2 scrolls of amnesia {unknown}
 n - 6 scrolls of teleportation {unknown}
 p - 2 scrolls of magic mapping {unknown}
 q - a scroll of remove curse {unknown}
 r - a scroll of fog {unknown}
Potions
 k - a potion of stabbing {unknown}
 l - 2 potions of degeneration {unknown}
 m - 2 potions of curing {unknown}
 o - a potion of cancellation {unknown}
 s - a potion of heal wounds {unknown}
Comestibles
 f - 9 rations
 i - 7 chunks of flesh


   Skills:
 + Level 4.2 Fighting
 * Level 5.7 Polearms
 - Level 1.7 Throwing
 - Level 2.6 Dodging


You had 5 spell levels left.
You didn't know any spells.
Your spell library was empty.

Dungeon Overview and Level Annotations

Branches:
Dungeon (4/15)
 Temple: D:4-7

Altars:
Hepliaklqana
Kikubaaqudgha
Sif Muna


Innate Abilities, Weirdness & Mutations

You have razor-sharp toenails.
You are partially covered in thin metallic scales. (AC +2)
You are mostly covered in sharp spines.


Message History

You are too injured to fight recklessly!
You hit the orc priest. Your kick misses the orc priest.
The orc priest is almost dead.
The orc priest hits you with a +0 flail.
* * * LOW HITPOINT WARNING * * *
You hit the orc priest but do no damage.
Your kick misses the orc priest.
The orc priest is almost dead.
The orc priest misses you.
You barely miss the orc priest.
You claw the orc priest, but do no damage.
The orc priest is almost dead.
The orc priest is struck by your spines.
The orc priest hits you with a +0 flail!
* * * LOW HITPOINT WARNING * * *
You closely miss the orc priest.
You claw the orc priest, but do no damage.
The orc priest is almost dead.
The orc priest hits you with a +0 flail.
You die...

...###.............#
...###.............#
..#.##..............
....................
....................
................... ...
.........#...##..## ......
.........#......o## ......
.........#......@.##....$.
....##..........)..#......
...####...#..............#
...####.###.............#
##.#....# ##.......)....##
##.....####..÷..#........#
#...### #......#...###..#
##### ###...#.†...#
#...#.....#


You could see an orc priest.

Vanquished Creatures
  Blork the orc (D:4)
  A howler monkey (D:4)
  2 orc priests (D:3)
  An orc wizard (D:4)
  An iguana (D:4)
  2 worker ants (D:4)
  3 adders
  6 worms
  2 dart slugs
  A leopard gecko (D:3)
  8 orcs
  4 giant cockroaches
  5 goblins
  11 hobgoblins
  8 kobolds
  A quokka (D:3)
  2 ball pythons
  5 bats
  5 frilled lizards
  7 rats
76 creatures vanquished.

Notes
Turn   | Place    | Note
-------+----------+-------------------------------------------
     0 | D:1      | Ethylacetat the Demonspawn Gladiator began the quest for
                  | the Orb.
     0 | D:1      | Reached XP level 1. HP: 16/16 MP: 1/1
   240 | D:1      | Reached skill level 3 in Polearms
   301 | D:1      | Gained mutation: You have sharp toenails. [demonic
                  | ancestry]
   301 | D:1      | Reached XP level 2. HP: 19/22 MP: 2/2
  1093 | D:1      | Gained mutation: You are partially covered in sharp spines.
                  | [demonic ancestry]
  1093 | D:1      | Reached XP level 3. HP: 28/28 MP: 3/3
  1386 | D:2      | Found a hazy altar of Hepliaklqana.
  1796 | D:2      | Found an ancient bone altar of Kikubaaqudgha.
  2098 | D:2      | Found a shimmering blue altar of Sif Muna.
  2223 | D:3      | Reached skill level 4 in Polearms
  2360 | D:3      | Gained mutation: You are partially covered in thin metallic
                  | scales. (AC +2) [demonic ancestry]
  2360 | D:3      | Reached XP level 4. HP: 28/34 MP: 4/4
  2606 | D:3      | Gained mutation: You are mostly covered in sharp spines.
                  | [demonic ancestry]
  2606 | D:3      | Reached XP level 5. HP: 7/41 MP: 5/5
  3478 | D:4      | Reached skill level 5 in Polearms
  3737 | D:4      | Noticed Blork the orc
  3739 | D:4      | Gained mutation: You have razor-sharp toenails. [demonic
                  | ancestry]
  3739 | D:4      | Reached XP level 6. HP: 48/48 MP: 6/6
  3746 | D:4      | Killed Blork the orc
  3811 | D:4      | HP: 2/48 [orc priest/+0 flail (7)]
  3812 | D:4      | Slain by an orc priest

Illustrated notes

Levels and vault maps discovered:
D:1:      dpeg_arrival_water_fire, layout_loops_ring
D:2:      layout_basic, old_standard_altar, lemuel_round_altar,
          kiku_gazebo_pond_becter
D:3:      layout_loops_ring
D:4:      layout_cave_pools, yredelemnul_forgotten_temple_becter, tso_altar,
          uniq_blork_the_orc

Skill      XL: |  1  2  3  4  5 |
---------------+----------------+-----
Polearms       | 3 4 5 |  5.7
Fighting       | 3 4 |  4.2
Throwing       | |  1.7
Dodging        | |  2.6

Action                   |  1- 3 |  4- 6 || total
-------------------------+-------+-------++-------
Melee: Trident           |   139 |    89 ||   228
       Kick              |    14 |    34 ||    48
 Stab: Sleeping          |     1 |       ||     1
  Eat: Chunk             |     5 |     4 ||     9
Armor: Leather armour    |    21 |    12 ||    33
Dodge: Dodged            |    44 |    24 ||    68
